Map: Blackpink LE

Players

JJAKJI

  • Race: Terran Terran
  • League: Platinum
  • Spawn Location: 7:00

liquidthermy (uThermal) - Winner!

  • Race: Terran Terran
  • League: Grandmaster
  • Spawn Location: 1:00

Event: HomeStory Cup XVI

VOD

Have the link to the VOD?

Description

Time

  • Played on: Nov. 11, 2017, 3:37 p.m.
  • Length: 9:07

All games in this series

Show
View Real Time Build Order
Export as new Build Order

JJAKJI Terran 

Build Orders: Gas First Reaper Expand, Reaper Expand 

Get SALT Encoding   

  12  0:00  SCV  
  13  0:13  SCV  
  14  0:17  Supply Depot  
  14  0:25  SCV  
  14  0:27  Refinery  
  15  0:39  SCV  
  16  0:45  Barracks  
  16  0:51  SCV  
  17  1:03  SCV  
  18  1:15  SCV  
  19  1:32  Reaper, Orbital Command  
  20  1:44  Command Center  
  20  1:54  Factory  
  20  1:58  SCV  
  21  2:06  Barracks Reactor  
  21  2:09  Supply Depot  
  21  2:13  SCV  
  22  2:17  Refinery  
  22  2:25  SCV  
  23  2:38  Hellion  
  23  2:41  SCV  
  23  2:42  Starport  
  25  2:48  Marine  
  25  2:53  SCV  
  26  2:59  Widow Mine  
  26  3:00  Marine  
  29  3:06  Marine  
  29  3:11  SCV  
  31  3:18  Orbital Command, Marine  
  30  3:23  SCV  
  30  3:24  Marine  
  30  3:26  Medivac  
  34  3:33  Cyclone  
  37  3:36  SCV  
  37  3:38  Marine  
  39  3:42  Marine  
  39  3:44  SCV  
  39  3:48  SCV  
  42  3:52  Supply Depot  
  42  3:56  SCV  
  42  3:58  Viking  
  42  4:01  Marine  
  46  4:05  Factory Tech Lab  
  46  4:14  Supply Depot, SCV x2, Marine  
  49  4:21  Marine  
  50  4:26  SCV x2  
  53  4:38  SCV x2  
  53  4:41  Siege Tank  
  53  4:45  Barracks, Starport Reactor  
  57  4:47  Barracks  
  57  4:50  SCV x2  
  58  4:55  Barracks Tech Lab  
  58  4:56  Supply Depot  
  58  5:03  SCV x2  
  58  5:04  Refinery  
  58  5:05  Supply Depot  
  58  5:06  Engineering Bay  
  60  5:15  SCV x2  
  60  5:16  Stimpack  
  60  5:17  Marine  
  60  5:19  Siege Tank  
  66  5:27  SCV x2  
  68  5:30  Supply Depot  
  68  5:34  Terran Infantry Weapons Level 1, Starport Reactor  
  68  5:35  Marine  
  68  5:41  SCV x2  
  71  5:46  Marine x2  
  71  5:48  Marine  
  74  5:53  Marine  
  74  5:55  Marine  
  76  5:57  Siege Tank  
  76  6:00  SCV x2  
  76  6:02  Supply Depot  
  81  6:04  Marine x2  
  81  6:06  Marine  
  81  6:10  Command Center  
  83  6:13  Marine x2  
  85  6:22  Marine  
  85  6:24  Medivac x2, Supply Depot, Marine  
  91  6:27  Supply Depot  
  91  6:28  SCV x2  
  93  6:35  Marine  
  94  6:46  Siege Tank, Marine x4  
  100  6:53  Marine  
  98  6:55  SCV x2  
  98  6:56  Barracks  
  98  6:57  Supply Depot, Barracks  
  100  7:04  Marine x4  
  100  7:07  Refinery, SCV x2  
  106  7:08  Supply Depot  
  106  7:11  Supply Depot  
  106  7:20  Siege Tank  
  106  7:21  Medivac x2  
  113  7:28  Orbital Command  
  113  7:35  Marine  
  113  7:36  Marine  
  114  7:40  Marine x3  
  82  7:49  Marine x2  
  66  7:53  Marine x2  
  66  7:57  Marine  
  66  7:58  Marine x2  
  66  8:07  Marine x2  
  66  8:11  Marine x2  
  66  8:15  Marine  
  66  8:16  Marine x2  
  65  8:25  Marine x2  
  67  8:29  Orbital Command  
  67  8:31  Orbital Command  
  67  8:44  Marine x4  
  67  8:48  Marine  
Show
View Real Time Build Order
Export as new Build Order

liquidthermy Terran - Winner!

Build Orders: Gas First Reaper Expand, Reaper Expand, MMM Bio 

Get SALT Encoding   

  12  0:01  SCV  
  13  0:13  SCV  
  14  0:17  Supply Depot  
  14  0:25  SCV  
  14  0:27  Refinery  
  15  0:38  SCV  
  16  0:44  Barracks  
  16  0:50  SCV  
  17  1:02  SCV  
  18  1:15  SCV  
  19  1:31  Reaper, Orbital Command  
  20  1:43  Command Center  
  20  1:54  Factory  
  20  1:58  SCV  
  21  2:05  Reaper  
  22  2:15  Supply Depot  
  22  2:16  Refinery  
  22  2:17  SCV  
  23  2:35  SCV  
  23  2:43  Hellion  
  25  2:45  Starport  
  25  2:47  SCV  
  26  2:54  Orbital Command  
  26  2:59  SCV  
  26  3:04  Hellion  
  29  3:11  SCV  
  29  3:21  SCV  
  29  3:23  SCV  
  29  3:25  Barracks Reactor  
  29  3:26  Hellion  
  33  3:29  Starport Tech Lab  
  33  3:33  SCV  
  34  3:35  SCV  
  34  3:39  Supply Depot  
  35  3:45  SCV  
  35  3:47  Cyclone  
  35  3:48  SCV  
  38  3:56  Raven  
  38  3:58  SCV  
  38  4:00  SCV  
  38  4:01  Marine x2  
  44  4:05  Engineering Bay  
  44  4:06  Refinery  
  44  4:10  SCV  
  44  4:11  Supply Depot  
  44  4:12  SCV  
  46  4:19  Marine x2  
  46  4:20  Factory Tech Lab  
  46  4:22  SCV  
  50  4:24  SCV  
  50  4:27  Supply Depot  
  50  4:34  SCV  
  50  4:36  SCV  
  52  4:45  Terran Infantry Weapons Level 1  
  52  4:46  SCV  
  52  4:48  Barracks x2, SCV  
  52  4:50  Starport Reactor  
  52  4:52  Marine  
  55  4:53  Stimpack  
  55  4:58  SCV  
  56  5:00  SCV  
  56  5:03  Supply Depot  
  57  5:10  SCV, Marine  
  57  5:12  SCV  
  57  5:14  Refinery, Supply Depot  
  60  5:15  Siege Tank  
  63  5:22  SCV  
  63  5:24  SCV  
  63  5:27  Marine  
  66  5:32  Starport Reactor  
  66  5:34  SCV  
  67  5:36  SCV  
  67  5:37  Marine x2  
  70  5:44  Marine x2  
  70  5:45  Marine  
  70  5:47  Siege Tank  
  76  5:50  Command Center  
  76  5:53  Supply Depot, SCV  
  76  5:54  SCV  
  76  5:55  Marine x2  
  80  6:02  Marine x2  
  80  6:03  Supply Depot  
  82  6:06  SCV x2  
  82  6:09  Medivac x2  
  82  6:10  Supply Depot, Marine  
  84  6:16  Marine x2  
  84  6:18  SCV  
  87  6:19  SCV, Siege Tank  
  87  6:23  Marine x2  
  93  6:27  Marine  
  93  6:30  SCV  
  93  6:32  SCV  
  96  6:34  Marine  
  96  6:36  Marine  
  98  6:41  Terran Infantry Armor Level 1, Marine x2  
  98  6:42  SCV  
  98  6:44  SCV  
  102  6:52  Siege Tank  
  102  6:53  Marine  
  106  6:54  SCV  
  106  6:55  Combat Shields  
  106  6:56  SCV  
  106  6:58  Medivac  
  106  7:01  Medivac, Supply Depot  
  110  7:03  Orbital Command  
  110  7:06  Marine x2  
  110  7:07  Marine  
  115  7:09  Marine  
  115  7:11  Marine  
  115  7:13  SCV  
  118  7:15  SCV  
  118  7:19  Sensor Tower, Supply Depot  
  119  7:24  Marine x2  
  119  7:25  SCV, Marine  
  119  7:27  Marine, Siege Tank  
  119  7:28  SCV x2  
  119  7:29  Marine  
  124  7:41  Marine  
  97  7:44  Marine x2  
  97  7:45  Marine  
  97  7:46  Viking  
  97  7:47  Viking, Marine  
  99  7:59  Marine, Orbital Command, Siege Tank  
  99  8:02  Marine x2  
  99  8:03  Marine  
  99  8:05  Marine  
  96  8:17  Marine  
  94  8:20  Marine x2  
  94  8:21  Marine  
  94  8:22  Marine  
  98  8:28  SCV  
  98  8:29  SCV  
  98  8:30  Armory  
  98  8:31  Barracks x2, Siege Tank  
  103  8:35  Marine  
  103  8:36  SCV  
  103  8:38  Marine x3  
  103  8:40  SCV, Marine  
  110  8:44  SCV  
  113  8:51  SCV  
  113  8:53  SCV  
Tags
 
Add a new tag
Caveats
  • Supply blocks, unpowered buildings, or Contaminate may cause inaccurate times.
  • Supply counts are checked every 10 seconds.